Construct Infanterie Kompanie
Selects Luftwaffe Battlegroup
Selects Luftwaffe Pioneer Support
Fallschirmpioneer Squad Paradrop
Infanterie Officer Quarters
Construct Luftwaffe Kompanie
Selects Stuka Strafing Run
Selects Fallschirmjäger Squad Paradrop
Fallschirmjäger Squad Paradrop
Luftwaffe Officer Quarters
Fallschirmjäger Squad Paradrop
Construct Panzer Kompanie
Selects LG40 Recoilless Gun Paradrop
Selects Infantry Reserves
Construct Panzergrenadier Kompanie
Pak 40 Anti-tank Gun Team
Panzergrenadier Officer Quarters